 Dungeon Crawl Stone Soup version 0.21.1-1-g345015f (webtiles) character file.

81 tidbits the Firebug (level 4, 6/32 HPs)
             Began as a Gnoll Fire Elementalist on Feb 16, 2018.
             Quit the game on level 3 of the Dungeon.
             The game lasted 00:04:56 (641 turns).

tidbits the Firebug (Gnoll Fire Elementalist)        Turns: 641, Time: 00:04:57

Health: 6/32       AC:  2    Str: 11    XL:     4   Next: 40%
Magic:  2/11       EV: 15    Int: 18    God:
Gold:   73         SH:  0    Dex: 15    Spells: 7/13 levels left

rFire    . . .     SeeInvis .   a - +0 dagger
rCold    . . .     Gourm    .   (no shield)
rNeg     . . .     Faith    .   i - +0 robe
rPois    .         Spirit   .   (no helmet)
rElec    .         Reflect  .   (no cloak)
rCorr    .         Harm     .   (no gloves)
MR       .....                  (no boots)
Stlth    +++.......             (no amulet)
HPRegen  0.10/turn              (no ring)
MPRegen  0.12/turn              (no ring)

@: very slightly contaminated, hasted, very quick
A: distributed training, fangs 1, strong nose
a: no special abilities


You were on level 3 of the Dungeon.
You were not hungry.

You visited 1 branch of the dungeon, and saw 4 of its levels.

You collected 73 gold pieces.

Inventory:

Hand Weapons
 a - a +0 dagger (weapon)
Armour
 i - a +0 robe (worn)
 n - a +2 shield
Scrolls
 e - 2 scrolls of teleportation
 f - a scroll of amnesia {unknown}
 g - a scroll of remove curse {unknown}
 h - 2 scrolls of identify {unknown}
Potions
 d - a potion of lignification {unknown}
 j - a potion of curing {unknown}
 k - a potion of haste
 l - 2 potions of might {unknown}
 m - a potion of degeneration {unknown}
Books
 b - a book of Flames

   Spells                             Type                      Level
   a - Flame Tongue                   Conjuration/Fire             1
   b - Throw Flame                    Conjuration/Fire             2
   c - Conjure Flame                  Conjuration/Fire             3
   d - Inner Flame                    Hexes/Fire                   3
   e - Sticky Flame                   Conjuration/Fire             4
   f - Fireball                       Conjuration/Fire             5
Comestibles
 c - 5 rations


   Skills:
 + Level 1.1 Fighting
 + Level 1.1 Short Blades
 + Level 1.1 Long Blades
 + Level 1.1 Axes
 + Level 1.1 Maces & Flails
 + Level 1.1 Polearms
 + Level 1.1 Staves
 + Level 1.1 Slings
 + Level 1.1 Bows
 + Level 1.1 Crossbows
 + Level 1.1 Throwing
 + Level 1.1 Armour
 + Level 4.6 Dodging
 + Level 4.2 Stealth
 + Level 1.1 Shields
 + Level 1.1 Unarmed Combat
 + Level 5.0 Spellcasting
 + Level 2.2 Conjurations
 + Level 0.8 Hexes
 + Level 0.8 Charms
 + Level 0.8 Summonings
 + Level 0.8 Necromancy
 + Level 0.8 Translocations
 + Level 0.8 Transmutations
 + Level 5.4 Fire Magic
 + Level 0.8 Ice Magic
 + Level 0.8 Air Magic
 + Level 0.8 Earth Magic
 + Level 0.8 Poison Magic
 + Level 1.2 Invocations
 + Level 1.1 Evocations


You had 7 spell levels left.
You knew the following spells:

 Your Spells              Type           Power        Failure   Level  Hunger
a - Flame Tongue          Conj/Fire      ###..        2%          1    None
c - Conjure Flame         Conj/Fire      ###.....     9%          3    ##.....
j - Throw Flame           Conj/Fire      ###...       4%          2    #......


Dungeon Overview and Level Annotations

Branches:
Dungeon (4/15)
 Temple: D:4-7

Altars:
Gozag
Okawaru


Innate Abilities, Weirdness & Mutations

Your experience applies equally to all skills.
You have very sharp teeth.
Your uncanny sense of smell can sniff out nearby items.


Message History

The flame tongue hits the iguana.
The iguana is lightly wounded.
Casting: Flame Tongue
Confirm with . or Enter, or press ? or * to list all spells.
Aiming: Flame Tongue
Press: ? - help, Shift-Dir - straight line, f/p - iguana
Aim: an iguana (lightly wounded)
You miscast Flame Tongue.
You are very lightly contaminated with residual magic.
Heat runs through your body.
Casting: Flame Tongue
Confirm with . or Enter, or press ? or * to list all spells.
Aiming: Flame Tongue
Press: ? - help, Shift-Dir - straight line, f/p - iguana
Aim: an iguana (lightly wounded)
The flame tongue hits the iguana.
The iguana appears unharmed.
The iguana is lightly wounded.
The orc misses you. The iguana bites you!
Casting: Flame Tongue
Confirm with . or Enter, or press ? or * to list all spells.
Aiming: Flame Tongue
Press: ? - help, Shift-Dir - straight line, f/p - iguana
Aim: an iguana (lightly wounded)
The flame tongue hits the iguana.
The iguana is severely wounded.
Casting: Flame Tongue
Confirm with . or Enter, or press ? or * to list all spells.
Aiming: Flame Tongue
Press: ? - help, Shift-Dir - straight line, f/p - iguana
Aim: an iguana (severely wounded)
The flame tongue hits the iguana.
You kill the iguana!
Your Fighting skill increases to level 1!
Your Short Blades skill increases to level 1!
Your Long Blades skill increases to level 1!
Your Axes skill increases to level 1!
Your Maces & Flails skill increases to level 1!
Your Polearms skill increases to level 1!
Your Staves skill increases to level 1!
Your Slings skill increases to level 1!
Your Bows skill increases to level 1!
Your Crossbows skill increases to level 1!
Your Throwing skill increases to level 1!
Your Armour skill increases to level 1!
Your Shields skill increases to level 1!
Your Unarmed Combat skill increases to level 1!
Your Evocations skill increases to level 1!
You have reached level 4!
You feel stronger. The orc hits you with a mace!
* * * LOW HITPOINT WARNING * * *
Casting: Flame Tongue
Confirm with . or Enter, or press ? or * to list all spells.
Aiming: Flame Tongue
Press: ? - help, Shift-Dir - straight line, f - orc
Aim: an orc, wielding a mace The flame tongue hits the orc.
The orc is moderately wounded.
Casting: Flame Tongue
Confirm with . or Enter, or press ? or * to list all spells.
Aiming: Flame Tongue
Press: ? - help, Shift-Dir - straight line, f/p - orc
Aim: an orc, wielding a mace (moderately wounded)
The flame tongue hits the orc.
The orc is almost dead.
The orc hits you with a mace.
* * * LOW HITPOINT WARNING * * *
Casting: Flame Tongue
Confirm with . or Enter, or press ? or * to list all spells.
You don't have enough magic to cast that spell.
You hit the orc.
You kill the orc!
You miss the frilled lizard. The frilled lizard misses you.
You closely miss the frilled lizard. You barely miss the frilled lizard.
The frilled lizard barely misses you.
You closely miss the frilled lizard. Your bite misses the frilled lizard.
The frilled lizard bites you.
* * * LOW HITPOINT WARNING * * *
You hit the frilled lizard.
You kill the frilled lizard!
Things that are here:
a mace; an orc corpse
There is a stone staircase leading up here.
As you read the scroll labeled TELAUSK SAGRI, it crumbles to dust.
You feel strangely unstable.
It was a scroll of teleportation.
There is a stone staircase leading up here.
You climb upwards.
There is a stone staircase leading down here.
You see here a stone.
A worm comes into view.
Found 6 sling bullets.
There is an open door here.
Unknown command.
Your surroundings suddenly seem different.
A quokka, a jackal and a kobold come into view.
You hit the jackal but do no damage. The jackal barely misses you.
The kobold throws a stone.
The stone hits you.
* * * LOW HITPOINT WARNING * * *
An orc comes into view. It is wielding a dagger.
A jackal comes into view.
Are you sure you want to abandon this character and quit the game? (Confirm with "yes".)

..........####
............<.
...........###
.......(...... ####
########'#####. .o.
.......>.......
#.####+#####.#####.
#..hr.....##.#...
##@##.....##.#†###.
#.##.....+..<.....
#.h#..K..#########
#..#.....#
...#.....#
...##+#### ...#
....#


You could see an orc (sleeping), a quokka and 2 jackals.

Vanquished Creatures
  An iguana (D:4)
  A gnoll (D:3)
  An adder (D:2)
  An ooze (D:2)
  3 leopard geckos
  2 orcs
  A bat (D:3)
  4 giant cockroaches
  3 goblins
  A hobgoblin (D:3)
  2 kobolds (D:2)
  3 frilled lizards
  5 rats
28 creatures vanquished.

Notes
Turn   | Place    | Note
-------+----------+-------------------------------------------
     0 | D:1      | tidbits the Gnoll Fire Elementalist began the quest for the Orb.
     0 | D:1      | Reached XP level 1. HP: 13/13 MP: 6/6
    59 | D:2      | Reached skill level 2 in Conjurations
    59 | D:2      | Reached XP level 2. HP: 19/19 MP: 2/7
    63 | D:2      | Learned a level 2 spell: Throw Flame
   171 | D:2      | Found an iron altar of Okawaru.
   202 | D:2      | Reached XP level 3. HP: 25/25 MP: 6/9
   208 | D:2      | Learned a level 3 spell: Conjure Flame
   309 | D:3      | Reached skill level 5 in Spellcasting
   451 | D:3      | Reached skill level 1 in Invocations
   606 | D:4      | Found an opulent altar of Gozag.
   606 | D:4      | Noticed a scorpion
   616 | D:4      | Reached skill level 1 in Fighting
   616 | D:4      | Reached skill level 1 in Short Blades
   616 | D:4      | Reached skill level 1 in Long Blades
   616 | D:4      | Reached skill level 1 in Axes
   616 | D:4      | Reached skill level 1 in Maces & Flails
   616 | D:4      | Reached skill level 1 in Polearms
   616 | D:4      | Reached skill level 1 in Staves
   616 | D:4      | Reached skill level 1 in Slings
   616 | D:4      | Reached skill level 1 in Bows
   616 | D:4      | Reached skill level 1 in Crossbows
   616 | D:4      | Reached skill level 1 in Throwing
   616 | D:4      | Reached skill level 1 in Armour
   616 | D:4      | Reached skill level 1 in Shields
   616 | D:4      | Reached skill level 1 in Unarmed Combat
   616 | D:4      | Reached skill level 1 in Evocations
   616 | D:4      | Reached XP level 4. HP: 19/32 MP: 2/11
   641 | D:3      | Quit the game

Skill      XL: |  1  2  3 |
---------------+----------+-----
Conjurations   | 2 |  2.2
Spellcasting   | 5 |  5.0
Invocations    | 1 |  1.2
Fighting       | 1 |  1.1
Short Blades   | 1 |  1.1
Long Blades    | 1 |  1.1
Axes           | 1 |  1.1
Maces & Flails | 1 |  1.1
Polearms       | 1 |  1.1
Staves         | 1 |  1.1
Slings         | 1 |  1.1
Bows           | 1 |  1.1
Crossbows      | 1 |  1.1
Throwing       | 1 |  1.1
Armour         | 1 |  1.1
Shields        | 1 |  1.1
Unarmed Combat | 1 |  1.1
Evocations     | 1 |  1.1
Dodging        | |  4.6
Stealth        | |  4.2
Hexes          | |  0.8
Charms         | |  0.8
Summonings     | |  0.8
Necromancy     | |  0.8
Translocations | |  0.8
Transmutations | |  0.8
Fire Magic     | |  5.4
Ice Magic      | |  0.8
Air Magic      | |  0.8
Earth Magic    | |  0.8
Poison Magic   | |  0.8

Action                   |  1- 3 |  4- 6 || total
-------------------------+-------+-------++-------
Melee: Dagger            |     9 |     7 ||    16
       Bite              |     1 |       ||     1
 Cast: Flame Tongue      |    39 |     3 ||    42
  Use: Potion            |     1 |       ||     1
       Scroll            |       |     1 ||     1
 Stab: Sleeping          |     3 |       ||     3
Armor: Robe              |     4 |       ||     4
Dodge: Dodged            |    23 |     3 ||    26

Table legend:
 A = Turns spent in this place as a percentage of turns spent in the entire game.
 B = Non-inter-level travel turns spent in this place as a percentage of non-inter-level travel turns spent in the entire game.
 C = Inter-level travel turns spent in this place as a percentage of turns spent in this place.
 D = Turns resting spent in this place as a percentage of non-inter-level travel turns spent in this place.
 E = Turns spent auto-exploring this place as a percentage of non-inter-level travel turns spent in this place.
 F = Non-inter-level travel turns spent in this place divided by the number of levels of this place that you've seen.
                   A       B       C       D       E      F
               +-------+-------+-------+-------+-------+----------------------
         Total | 100.0 | 100.0 |   0.0 |   0.0 |   0.0 | 160.2
       Dungeon | 100.0 | 100.0 |   0.0 |   0.0 |   0.0 | 160.2
               +-------+-------+-------+-------+-------+----------------------

Table legend:
 A = Kills in this place as a percentage of kills in entire the game.
 B = Kills by you in this place as a percentage of kills by you in the entire game.
 C = Kills by friends in this place as a percentage of kills by friends in the entire game.
 D = Other kills in this place as a percentage of other kills in the entire game.
 E = Experience gained in this place as a percentage of experience gained in the entire game.
 F = Experience gained in this place divided by the number of levels of this place that you have seen.
                   A       B       C       D       E      F
               +-------+-------+-------+-------+-------+----------------------
         Total | 100.0 | 100.0 |   N/A |   N/A | 100.0 |  29.0
       Dungeon | 100.0 | 100.0 |   N/A |   N/A | 100.0 |  29.0
               +-------+-------+-------+-------+-------+----------------------

Vault maps used:
D:1:      matt_arrival_refuge, nemelex_diamond_rough_becter
D:2:      lemuel_doored_altar, first_ration, serial_bayou_pond_b,
          serial_bayou_pond_c
D:4:      grunt_dithmenos_smoke_and_mirrors,
          nicolae_gozag_cash_rules_everything_around_me, uniq_pikel
